 Dungeon Sprint DCSS version 0.27-a0-562-g0d39f094a4 (webtiles) character file.

Game seed: 5449494994097025872

1440 sahdkjhfkaj the Slayer (level 8, -13/189 HPs)
             Began as an Ogre Berserker on Mar 9, 2021.
             Was a High Priest of Trog.
             Mangled by an ice devil (21 damage)
             ... in the Dungeon (Sprint VII: "The Pits").
             The game lasted 00:01:07 (930 turns).

sahdkjhfkaj the Slayer (Ogre Berserker)              Turns: 930, Time: 00:01:08

Health: -13/189    AC:  3    Str: 24    XL:     8   Next: 74%
Magic:  8/8        EV: 10    Int:  8    God:    Trog [*****.]
Gold:   0          SH:  0    Dex:  8    Spells: 7/7 levels left

rFire    . . .     SeeInvis .   i - +2 falchion (vamp)
rCold    . . .     Faith    .   (no shield)
rNeg     . . .     Spirit   .   b - +0 animal skin
rPois    .         Reflect  .   (helmet restricted)
rElec    .         Harm     .   (no cloak)
rCorr    .         Rampage  .   (gloves unavailable)
Will     .....     NoTele   +   (boots unavailable)
Stlth    ..........             (no amulet)
HPRegen  0.41/turn              (no ring)
MPRegen  0.11/turn              (no ring)

@: berserking (expiring), very quick
A: large, unfitting armour, tough skin 1
a: Renounce Religion, Berserk, Trog's Hand, Brothers in Arms


You were in the Dungeon.
You worshipped Trog.
Trog was extremely pleased with you.
You visited 1 branch

Inventory:

Hand Weapons
 a - a +0 mace
 i - a +2 vampiric falchion (weapon)
Armour
 b - a +0 animal skin (worn)
Scrolls
 h - a scroll of blinking
 k - a scroll of summoning
Potions
 c - 6 potions of curing
 d - 6 potions of heal wounds
 e - a potion of haste
 f - 4 potions of magic
 g - 3 potions of berserk rage
 j - 2 potions of invisibility


   Skills:
 + Level 21.7 Fighting
 - Level 3.3 Maces & Flails
 - Level 2.6 Dodging


You had 7 spell levels left.
You didn't know any spells.
Your spell library was empty.

Dungeon Overview and Level Annotations

Branches:
Dungeon (1/1)

Altars:
Ashenzari
Cheibriados
Dithmenos
Elyvilon
Fedhas
Gozag
Hepliaklqana
Kikubaaqudgha
Makhleb
Nemelex Xobeh
Okawaru
Qazlal
Ru
Sif Muna
Trog
Uskayaw
Vehumet
Wu Jian
Xom
Yredelemnul
Zin
The Shining One
Beogh
Jiyva
Lugonu


Innate Abilities, Weirdness & Mutations

You are too large for most types of armour.
You have tough skin. (AC +1)


Message History

Reactivating autopickup.
You feel a bit more experienced.
The fire bat bites you but does no damage.
You barely miss the fire bat. The fire bat bites you.
You are engulfed in flames!
The fire bat bites you.
You are engulfed in flames!
The fire bat bites you.
You are engulfed in flames!
You slash the fire bat!
The fire bat is moderately wounded.
The fire bat completely misses you.
You riposte.
You slash the fire bat!
The fire bat is almost dead.
You slice the fire bat!!
You feel better.
You kill the fire bat!
Trog accepts your kill. Something appears at your feet!
You see here a +2 vorpal morningstar.
Trog grants you a weapon!
You hit the ice devil.
The ice devil is lightly wounded.
The ice devil hits you! The ice devil freezes you!!
You slash the ice devil!
The ice devil is heavily wounded.
You slash the ice devil!
The ice devil is severely wounded.
The ice devil hits you!
* * * LOW HITPOINT WARNING * * *
The ice devil freezes you!
* * * LOW HITPOINT WARNING * * *
You hit the ice devil.
The ice devil is severely wounded.
The ice devil hits you!
* * * LOW HITPOINT WARNING * * *
The ice devil freezes you!!
* * * LOW HITPOINT WARNING * * *
Unknown command.
You hit the ice devil.
The ice devil is almost dead.
The ice devil hits you!
* * * LOW HITPOINT WARNING * * *
The ice devil freezes you!!
You die...

#.#..#####.##.......#
#.#.)'...#.##.......#
#.#.)'...†.##.......#
#.#..########...<...#
#.#..'[))).##.......#
#.#..#[))).##.......#
#'###########.......#
#..#.#.##..##########
#.......#@######
##.#.#.##4#....#
#..)....#)#....#
##.#.#.##.'....+
#.......#)#....#
##.#.#..'.#....#
###############


You could see an ice devil.

Vanquished Creatures
  A two-headed ogre (D)
  A shadow (D)
  A fire bat (D)
  2 wargs (D)
  A floating eye (D)
  A centaur (D)
  A jelly (D)
  An orc priest (D)
  An orc wizard (D)
  An iguana (D)
  A gnoll (D)
  2 river rats (D)
  An ufetubus (D)
  An ooze (D)
  A worm (D)
  An orc (D)
  A bat (D)
  A goblin (D)
  A hobgoblin (D)
  A kobold (D)
  A frilled lizard (D)
23 creatures vanquished.

Notes
Turn   | Place    | Note
-------+----------+-------------------------------------------
     0 | D        | sahdkjhfkaj the Ogre Berserker began the quest for the Orb.
     0 | D        | Reached XP level 1. HP: 24/24 MP: 1/1
    27 | D        | Found a bloodstained altar of Trog.
    27 | D        | Found a shimmering blue altar of Sif Muna.
    27 | D        | Found a viscous altar of Jiyva.
    27 | D        | Found a hazy altar of Hepliaklqana.
    27 | D        | Found an opulent altar of Gozag.
    28 | D        | Found a glowing golden altar of the Shining One.
    28 | D        | Found a glowing silver altar of Zin.
    28 | D        | Found a basalt altar of Yredelemnul.
    28 | D        | Found a shimmering altar of Xom.
    28 | D        | Found an ornate altar of the Wu Jian Council.
    28 | D        | Found a sacrificial altar of Ru.
    28 | D        | Found a stormy altar of Qazlal.
    28 | D        | Found an iron altar of Okawaru.
    28 | D        | Found a sparkling altar of Nemelex Xobeh.
    28 | D        | Found a burning altar of Makhleb.
    28 | D        | Found a blossoming altar of Fedhas.
    28 | D        | Found a white marble altar of Elyvilon.
    28 | D        | Found a shadowy altar of Dithmenos.
    28 | D        | Found a snail-covered altar of Cheibriados.
    29 | D        | Found a radiant altar of Vehumet.
    29 | D        | Found a corrupted altar of Lugonu.
    30 | D        | Found an ancient bone altar of Kikubaaqudgha.
    30 | D        | Found a hide-covered altar of Uskayaw.
    30 | D        | Found a broken altar of Ashenzari.
    73 | D        | Reached ** piety under Trog
    74 | D        | Reached skill level 6 in Fighting
    74 | D        | Reached XP level 2. HP: 37/37 MP: 2/2
   148 | D        | Reached skill level 7 in Fighting
   191 | D        | Noticed a warg
   194 | D        | Reached skill level 8 in Fighting
   194 | D        | Reached XP level 3. HP: 49/49 MP: 3/3
   199 | D        | Reached *** piety under Trog
   200 | D        | Killed a warg
   201 | D        | Reached skill level 13 in Fighting
   201 | D        | Reached XP level 4. HP: 60/68 MP: 4/4
   201 | D        | Reached XP level 5. HP: 67/76 MP: 5/5
   352 | D        | Noticed a floating eye
   356 | D        | Paralysed by a floating eye for 4 turns
   364 | D        | Killed a floating eye
   365 | D        | Reached skill level 15 in Fighting
   365 | D        | Reached XP level 6. HP: 91/91 MP: 6/6
   366 | D        | Reached **** piety under Trog
   422 | D        | Reached skill level 16 in Fighting
   424 | D        | Reached skill level 17 in Fighting
   426 | D        | Reached ***** piety under Trog
   457 | D        | Noticed a warg
   469 | D        | Killed a warg
   470 | D        | Reached XP level 7. HP: 84/105 MP: 7/7
   636 | D        | Noticed a two-headed ogre
   643 | D        | Killed a two-headed ogre
   644 | D        | Reached skill level 20 in Fighting
   644 | D        | Reached XP level 8. HP: 122/122 MP: 8/8
   692 | D        | Reached skill level 21 in Fighting
   907 | D        | Noticed an ice devil
   907 | D        | Noticed a shadow
   921 | D        | Killed a shadow
   925 | D        | Received a gift from Trog
   930 | D        | HP: 8/189 [ice devil (10)]
   930 | D        | Mangled by an ice devil

Illustrated notes

Levels and vault maps discovered:
D:        pitsprint [storerooms_1, entrance_room_1, metal_vault_3, armoury_1,
          mini_pit_1, grid_room_1, main_hall_1, silver_pit, the_coven_1,
          the_vestibule_1, steel_vault_2, golden_pit, hallway_of_sentries,
          crystal_vault_2, iron_vault_1, final_vault]

Skill      XL: |  1  2  3  4  5  6  7  8 |
---------------+-------------------------+-----
Maces & Flails | 3 |  3.3
Fighting       | 6 8 13 15 17 20 21 | 21.7
Dodging        | |  2.6

Action                   |  1- 3 |  4- 6 |  7- 9 || total
-------------------------+-------+-------+-------++-------
Melee: Falchion          |    23 |    19 |    42 ||    84
       Mace              |     3 |       |       ||     3
Invok: Berserk           |     3 |     3 |     2 ||     8
       Brothers in Arms  |       |       |     1 ||     1
Armor: Animal skin       |     5 |     5 |     6 ||    16
Dodge: Dodged            |    14 |    13 |    10 ||    37
       Rpst.: Falchion   |     4 |     8 |     3 ||    15

Table legend: (Time is in decaauts)
 A = Elapsed time spent in this place.
 B = Non-inter-level travel time spent in this place.
 C = Inter-level travel time spent in this place.
 D = Time resting spent in this place.
 E = Time spent auto-exploring this place.
 F = Levels seen in this place.
 G = Mean time per level.
                   A        B        C        D        E       F      G
               +--------+--------+--------+--------+--------+-----+--------+
         Total |   1015 |    985 |     30 |    727 |      0 |   1 | 1015.0 |
       Dungeon |   1015 |    985 |     30 |    727 |      0 |   1 | 1015.0 |
               +--------+--------+--------+--------+--------+-----+--------+

Top non-repeatable levels by time:
       D: 1015 daAuts
